 Dungeon Crawl Stone Soup version 0.29-a0-275-g389c0b56f3 (webtiles) character file.

Game seed: 32743819585328578

23 Leszczynek the Ruffian (level 3, 19/19 HPs)
             Began as a Vine Stalker Fighter on Mar 9, 2022.
             Was a Follower of Sif Muna.
             Quit the game on level 1 of the Dungeon.
             The game lasted 00:03:02 (354 turns).

Leszczynek the Ruffian (Vine Stalker Fighter)        Turns: 354, Time: 00:03:03

Health: 19/19      AC:  5    Str: 20    XL:     3   Next: 0%
Magic:  4/4        EV: 10    Int:  8    God:    Sif Muna [*.....]
Gold:   0          SH:  4    Dex: 13    Spells: 2/2 levels left

rFire   . . .      SeeInvis .     - Unarmed
rCold   . . .      Faith    .   b - +0 buckler
rNeg    . . .      Spirit   +   d - +0 ring mail
rPois   .          Reflect  .   (no helmet)
rElec   .          Harm     .   (no cloak)
rCorr   .          Rampage  .   (no gloves)
Will    .....                   (no boots)
Stlth   +.........              (no amulet)
HPRegen 0.06/turn               (no ring)
MPRegen 0.09/turn               (no ring)

@: no status effects
A: fangs 2, magic shield, antimagic bite, no potion heal 2
a: Renounce Religion, Channel Magic


You were on level 1 of the Dungeon.
You worshipped Sif Muna.
Sif Muna was aware of your devotion.
You visited 1 branch of the dungeon, and saw 2 of its levels.

Inventory:

Missiles
 e - 50 stones (quivered)
Armour
 a - a +0 scale mail
 b - a +0 buckler (worn)
 d - a +0 ring mail (worn)
Potions
 c - a potion of might


   Skills:
 - Level 2.6 Fighting
 - Level 2.4 Armour
 - Level 2.6 Shields
 + Level 3.3 Unarmed Combat


You had 2 spell levels left.
You didn't know any spells.
Your spell library was empty.

Dungeon Overview and Level Annotations

Branches:
Dungeon (2/15)

Altars:
Sif Muna


Innate Abilities, Weirdness & Mutations

You have extremely sharp teeth.
When hurt, damage is shared between your health and your magic reserves.
Your bite disrupts and absorbs the magic of your enemies.
Potions cannot restore your health.


Message History

Found a thin jewelled staff.
e - 49 stones (gained 1)
e - 50 stones (gained 1)
You see here a staff of poison.
A ball python comes into view.
The ball python moves out of view.
A rat comes into view.
You punch the ball python!
You kill the ball python!
You see here a ball python corpse.
You closely miss the rat. The rat barely misses you.
You closely miss the rat. Your bite misses the rat. The rat barely misses you.
You block the rat's attack.
You barely miss the rat. You bite the rat.
You kill the rat!
You see here a rat corpse.
A bat comes into view.
The bat barely misses you.
You punch the bat!
You kill the bat!
You have reached level 3!
Your experience leads to an increase in your attributes!
Increase (S)trength, (I)ntelligence, or (D)exterity?
You feel stronger. x2
You open the door.
Found a gnoll skeleton.
Found a gnoll skeleton.
There is an open door here.
You open the door.
Found a faded altar of an unknown god.
There is an open door here.
There is a faded altar of an unknown god here.
You cannot tell which god this altar belongs to.
Convert to them anyway?
Sif Muna accepts your prayer! Sif Muna welcomes you!
You can now call upon Sif Muna for magical energy.
Enter note: XD
There is an open door here.
Okay, then.
Are you sure you want to abandon this character and quit the game? (Confirm with "yes".)

#.# ##|....##### #.#
##..........# #.#
##....♣♣♣♣♣♣†##
#.#####....♣♣P.♣÷♣†.##
#.#...(...♣♣PP#####..#
#.#.###..♣♣.♣.#...#..#
#.#.# #.♣♣P♣..#...♣..#
#.#.# #.♣_....'.8.'..#
#.#.# #.♣♣P.PP#.@.♣..#
#.#.# #..♣♣♣PP#...#..#
#.#.# ##..♣♣PP#####..#
#.#.# ##..♣♣P.♣÷♣...#
#.#.# ##..♣♣♣♣♣♣...#
....#######.........##
.......†...((..#..#.#
..###########......
.## ....##


There were no monsters in sight!

Vanquished Creatures
  4 bats
  3 endoplasms (D:1)
  A giant cockroach (D:1)
  A goblin (D:1)
  3 hobgoblins (D:1)
  2 kobolds
  A quokka (D:1)
  3 ball pythons
  3 rats (D:1)
21 creatures vanquished.

Vanquished Creatures (others)
  5 toadstools (D:1)
5 creatures vanquished.

Grand Total: 26 creatures vanquished

Notes
Turn   | Place    | Note
-------+----------+-------------------------------------------
     0 | D:1      | Leszczynek the Vine Stalker Fighter began the quest for the
                  | Orb.
     0 | D:1      | Reached XP level 1. HP: 11/11 MP: 2/2
    85 | D:1      | Reached XP level 2. HP: 9/16 MP: 3/3
   139 | D:1      | Reached skill level 3 in Unarmed Combat
   333 | D:1      | Reached XP level 3. HP: 19/19 MP: 4/4
   339 | D:1      | Found a faded altar of an unknown god.
   346 | D:1      | Prayed at the altar of an unknown god.
   346 | D:1      | Became a worshipper of Sif Muna the Loreminder
   346 | D:1      | Reached * piety under Sif Muna
   347 | D:1      | XD
   354 | D:1      | Quit the game

Illustrated notes

.........# #######
########.# ##|....##### #.#
##..........# #.#
##....♣♣♣♣♣♣†##
#.#####....♣♣P.♣÷♣†.##
#.#...(...♣♣PP#####..#
#.#.###..♣♣.♣.#...#..# #.#.#
#.♣♣P♣..#...♣..# #.#.#
#.♣@....'.8.'..# #.#.#
#.♣♣P.PP#...♣..# #.#.#
#..♣♣♣PP#...#..# #.#.#
##..♣♣PP#####..# #.#.#
##..♣♣P.♣÷♣...# ##.#.#
##..♣♣♣♣♣♣...#
#####....#######.........##
###...........†...((..#..#.#
....>)...###########......


Turn 347 on D:1: XD

Levels and vault maps discovered:
D:1:      ldierk_walled_garden, layout_loops_ring,
          dilly_ecumenical_altar_fadedgnrine, chequers_serial_rivers_room_a
D:2:      layout_rooms

Skill      XL: |  1  2 |
---------------+-------+-----
Unarmed Combat | 3 |  3.3
Fighting       | |  2.6
Armour         | |  2.4
Shields        | |  2.6

Action                   || total
-------------------------++-------
Melee: Unarmed           ||    55
       Bite              ||    10
Throw: Stone             ||    16
Armor: Ring mail         ||    22
Dodge: Dodged            ||    27
Block: Buckler           ||    10

Table legend: (Time is in decaauts)
 A = Elapsed time spent in this place.
 B = Non-inter-level travel time spent in this place.
 C = Inter-level travel time spent in this place.
 D = Time resting spent in this place.
 E = Time spent auto-exploring this place.
 F = Levels seen in this place.
 G = Mean time per level.
                   A        B        C        D        E       F      G
               +--------+--------+--------+--------+--------+-----+--------+
         Total |    358 |    344 |     14 |      0 |      0 |   2 |  179.0 |
       Dungeon |    358 |    344 |     14 |      0 |      0 |   2 |  179.0 |
               +--------+--------+--------+--------+--------+-----+--------+

Top non-repeatable levels by time:
     D:1: 312 daAuts
     D:2: 45 daAuts
